 Dungeon Crawl Stone Soup version 0.18-a0-1060-g4fac74f (webtiles) character file.

64 tof the Shield-Bearer (level 4, 0/37 HPs)
             Began as a Formicid Fighter on Jan 12, 2016.
             Slain by Terence
             ... wielding a +2 mace of crushing
              (1 damage)
             ... on level 2 of the Dungeon.
             The game lasted 00:02:48 (1275 turns).

tof the Shield-Bearer (Formicid Fighter)            Turns: 1275, Time: 00:02:48

Health: 0/37       AC:  7    Str: 20    XL:     4   Next: 32%
Magic:  4/4        EV:  8    Int:  8    God:
Gold:   77         SH:  9    Dex: 11    Spells: 0 memorised, 3 levels left

rFire  . . .     SeeInvis +     a - +0 trident
rCold  . . .     Gourm    .     b - +0 scale mail
rNeg   . . .     Faith    .     c - +0 shield
rPois  .         Spirit   .     (helmet unavailable)
rElec  .         Dismiss  .     (no cloak)
rCorr  .         Reflect  .     (no gloves)
SustAt .         Harm     .     (no boots)
MR     .....                    (no amulet)
Stlth  ..........               (no ring)
                                (no ring)

@: not resistant to hostile enchantments, extremely unstealthy
A: permanent stasis, dig shafts and tunnels, four strong arms, antennae 3
a: Dig, Shaft Self


You were on level 2 of the Dungeon.
You were not hungry.

You visited 1 branch of the dungeon, and saw 2 of its levels.

You collected 77 gold pieces.

Inventory:

Hand Weapons
 a - a +0 trident (weapon)
Armour
 b - a +0 scale mail (worn)
 c - a +0 shield (worn)
Jewellery
 i - an uncursed ring of stealth {unknown}
Scrolls
 g - 2 scrolls of enchant weapon {unknown}
 k - a scroll of fog {unknown}
 l - a scroll of remove curse {unknown}
 n - 3 scrolls of identify {unknown}
 p - a scroll of blinking {unknown}
Potions
 d - a potion of might
 e - a potion of invisibility {unknown}
 j - a potion of mutation {unknown}
 o - a potion of cancellation {unknown}
 q - a potion of curing {unknown}
Comestibles
 f - 2 bread rations
 h - a beef jerky
 m - a chunk of flesh


   Skills:
 + Level 3.7 Fighting
 + Level 2.7 Polearms
 + Level 3.7 Armour
 + Level 1.0 Dodging
 + Level 0.3 Stealth
 + Level 4.2 Shields


You had 3 spell levels left.
You didn't know any spells.

Dungeon Overview and Level Annotations

Branches:
Dungeon (2/15)

Altars:
Makhleb
Vehumet

Annotations:
D:2 Terence


Innate Abilities, Weirdness & Mutations

You are under a permanent stasis effect.
You can dig through walls and to a lower floor.
Your four strong arms can wield two-handed weapons with a shield.
You have a pair of large antennae on your head (SInv).


Message History

You hit Terence but do no damage.
Terence is almost dead.
Terence hits you with a mace of crushing.
* * * LOW HITPOINT WARNING * * *
You are too injured to fight recklessly!
You are too injured to fight recklessly!
You are too injured to fight recklessly!
You are too injured to fight recklessly!
You are too injured to fight recklessly!
You hit Terence but do no damage.
Terence is almost dead.
You hit Terence but do no damage.
Terence is almost dead.
Terence hits you with a mace of crushing.
* * * LOW HITPOINT WARNING * * *
x2 You closely miss Terence.
Terence is almost dead.
Terence hits you with a mace of crushing.
* * * LOW HITPOINT WARNING * * *
You die...

#..#####.# #........#
##...###..######
#..............#
########....###..####.#
..##............# #.#
#.##.#..........# #.#
####.##.##...#######
#.# .###.......@@...#
#.# ........##.###..#
#.# #........#.# #..#
#.# #.#..##..#.###..#
#.# #. #..#......##
##.## # #..###.....##
###...# #..##.......##
#...#.#
#?.#.........####.....#
{
...+........)'.........


You could see Terence.

Vanquished Creatures
  Ijyb (D:2)
  2 worms (D:2)
  9 bats
  2 giant cockroaches (D:1)
  A goblin (D:2)
  A hobgoblin (D:2)
  6 jackals (D:2)
  A quokka (D:2)
  2 ball pythons (D:1)
  A giant newt (D:2)
  2 kobolds
  6 rats
34 creatures vanquished.

Notes
Turn   | Place    | Note
--------------------------------------------------------------
     0 | D:1      | tof the Formicid Fighter began the quest for the Orb.
     0 | D:1      | Reached XP level 1. HP: 18/18 MP: 1/1
   127 | D:1      | Reached XP level 2. HP: 24/24 MP: 2/2
   477 | D:2      | Found a radiant altar of Vehumet.
   623 | D:2      | Reached XP level 3. HP: 24/29 MP: 3/3
   702 | D:2      | Reached skill level 4 in Shields
   706 | D:2      | Found a burning altar of Makhleb.
   706 | D:2      | Noticed a green death
   709 | D:2      | Noticed a hellwing
   709 | D:2      | Noticed an orange demon
  1047 | D:2      | Noticed Ijyb
  1058 | D:2      | Killed Ijyb
  1058 | D:2      | Reached XP level 4. HP: 34/37 MP: 4/4
  1233 | D:2      | Noticed Terence
  1258 | D:2      | Reached skill level 1 in Dodging
  1275 | D:2      | HP: 1/37 [Terence/mace of crushing (4)]
  1275 | D:2      | Slain by Terence

Vault maps used:
D:1:      tarquinn_simple_flora_water_c, interstate_on_off,
          minmay_tree_intersection
D:2:      nicolae_overflow_hidden_temple, makhleb_altar_promises_db,
          patterned_corridor, uniq_terence, uniq_iyjb

Action                   |  1- 3 |  4- 6 || total
-------------------------+-------+-------++-------
Melee: Trident           |    97 |    42 ||   139
  Eat: Chunk             |     1 |       ||     1
